 Dungeon Crawl Stone Soup version 0.32-a0-330-g213d367 (webtiles) character file.

Game seed: 8774419152908595718

7656 skewfiend the Severer (level 10, 0/94 HPs)
             Began as a Mountain Dwarf Monk on Feb 16, 2024.
             Was a Believer of Qazlal.
             Slain by an orc
             ... wielding a +0 trident
              (3 damage)
             ... on level 10 of the Dungeon.
             The game lasted 00:22:25 (8879 turns).

skewfiend the Severer (Mountain Dwarf Monk)         Turns: 8879, Time: 00:22:26

Health: 0/94       AC: 19    Str: 18    XL:     10   Next: 99%
Magic:  5/16       EV:  5    Int: 17    God:    Qazlal [**....]
Gold:   602        SH:  8    Dex: 12    Spells: 9/9 levels left

rFire   . . .        a - +5 broad axe (heavy)
rCold   . . .        d - orb {light}
rNeg    . . .        t - +0 plate armour
rPois   .            (no helmet)
rElec   .            j - +1 cloak
rCorr   .            y - +0 pair of gloves
SInv    .            K - +0 pair of boots
Will    +....        i - amulet of reflection Stlth
                     z - +6 ring of intelligence
HPRegen 0.35/turn    X - +4 ring of protection
MPRegen 0.15/turn

%: reflection
@: glowing
A: runic magic, artefact enchanting
a: Renounce Religion, Upheaval


You were on level 10 of the Dungeon.
You worshipped Qazlal.
Qazlal was pleased with you.
You visited 2 branches of the dungeon, and saw 11 of its levels.

You collected 832 gold pieces.
You spent 230 gold pieces at shops.

Inventory:

Hand Weapons
 a - a +5 heavy broad axe (weapon)
 b - the +3 spear of Superiority {flame, rC+ Int+2}
   (You found it on level 4 of the Dungeon)

   Int+2:     It affects your intelligence (+2).
   rC+:       It protects you from cold.
 R - a +2 war axe of protection
Missiles
 e - 89 stones (quivered)
 h - 19 poisoned darts
 k - 14 boomerangs
 A - a throwing net
 V - 4 curare-tipped darts
Armour
 d - an orb of light (worn)
 j - a +1 cloak (worn)
 l - a +0 robe
 p - a +0 troll leather armour
 t - a +0 plate armour (worn)
 y - a +0 pair of gloves (worn)
 K - a +0 pair of boots (worn)
 W - an orb of guile
 Z - +0 acid dragon scales
Magical Staves
 L - a staff of air
Jewellery
 i - an amulet of reflection (around neck)
 z - a +6 ring of intelligence (left hand)
 I - a ring of ice
 O - an amulet of guardian spirit
 Q - an amulet of the acrobat
 X - a +4 ring of protection (right hand)
 Y - a ring of fire
Talismans
 s - a beast talisman
Wands
 D - a wand of iceblast (8)
 H - a wand of mindburst (25)
 T - a wand of charming (6)
Scrolls
 f - 3 scrolls of enchant armour
 r - a scroll of silence
 u - a scroll of immolation
 v - a scroll of revelation
 x - 2 scrolls of blinking
 J - 3 scrolls of identify
 M - 5 scrolls of teleportation
 S - a scroll of fear
Potions
 c - a potion of ambrosia
 g - 3 potions of heal wounds
 m - 5 potions of curing
 n - a potion of berserk rage
 o - a potion of magic
 q - 2 potions of enlightenment
 B - 2 potions of mutation
 C - 5 potions of lignification
 E - a potion of brilliance
 F - a potion of resistance {unknown}
 G - a potion of attraction {unknown}
 N - a potion of invisibility
 P - a potion of degeneration {unknown}
 U - a potion of cancellation


   Skills:
 + Level 10.4 Fighting
 * Level 15.2 Axes
 - Level 2.0 Armour
 - Level 2.1 Dodging
 * Level 8.4 Invocations


You had 9 spell levels left.
You didn't know any spells.
Your spell library contained the following spells:

 Spells                   Type           Power      Damage    Failure   Level
 Call Imp                 Summ           0%         N/A       65%         2
 Sublimation of Blood     Necr           0%         N/A       65%         2
 Iskenderun's Battlesphe  Conj           0%         2d6       100%        5
 Bombard                  Conj/Erth      0%         9d1       100%        6
 Spellforged Servitor     Conj/Summ      0%         N/A       100%        7
 Summon Hydra             Summ           0%         N/A       100%        7


Dungeon Overview and Level Annotations

Branches:
Dungeon (10/15)            Temple (1/1) D:6             Orc (0/2) D:10
   Lair: D:8-11

Altars:
Cheibriados
Dithmenos
Elyvilon
Fedhas
Gozag
Hepliaklqana
Kikubaaqudgha
Makhleb
Nemelex Xobeh
Okawaru
Qazlal
Ru
Sif Muna
Vehumet
Xom
Yredelemnul
The Shining One

Shops:
D:5 (!(*(

Annotations:
D:8 1 runed translucent door, Radamante's ghost, novice MiFi


Innate Abilities, Weirdness & Mutations

Your spellcasting is much less encumbered by armour.
You can use scrolls of enchantment on lesser artefacts.


Message History

You hear a shout! x2
An ogre comes into view. It is wielding a +0 giant club.
Things that are here:
17 gold pieces; a +0 flail; a +0 ring mail An ogre comes into view.
It is wielding a +0 giant spiked club.
The ogre shouts!
The orc warrior hits you with a +0 trident.
You slice the orc warrior!!
The orc warrior is severely wounded.
You hit the orc. The orc hits you but does no damage.
The orc warrior hits you but does no damage.
The orc hits you but does no damage.
You hit the orc warrior but do no damage.
The orc warrior is severely wounded.
You hit the orc.
You kill the orc!
Qazlal accepts your kill. The orc hits you but does no damage.
The orc warrior hits you but does no damage.
You hit the orc warrior.
The orc warrior is severely wounded.
You slash the ogre! You hit the ogre. The orc hits you but does no damage.
The ogre hits you with a +0 giant club!
* * * LOW HITPOINT WARNING * * *
The ogre hits you with a +0 giant spiked club!
* * * LOW HITPOINT WARNING * * *
The orc warrior hits you but does no damage.
The orc hits you but does no damage.
Unknown command.
Unknown command.
Activating: Elemental Force (1% risk of failure)
Press: ? - help, Dir - look around, f - activate Clouds arounds you coalesce and take form!
You can no longer give life to nearby clouds.
The ogre hits you with a +0 giant club.
* * * LOW HITPOINT WARNING * * *
The ogre hits your water elemental with a +0 giant club!!
The orc warrior hits you but does no damage.
The orc hits you from afar with a +0 trident.
You die...

####[.#†.####.#
####)†)....).....#
.###....###.#.#######
........#.)...##
####.##...##...####### #
##.......####..##...#.#
##..####....###O##..[#.#
....# ####..))OE......#
.#.## ####oO@.$...# ##.#
#.EoE....# ##.#
#..##........ ..#
#.######.....# ### ...#
.##### .#### ## . . ..


You could see an orc warrior (ally target), 3 ogres, an orc, a friendly earth
elemental (summoned), a friendly water elemental (summoned) and a friendly fire
elemental (summoned).

Vanquished Creatures
  Fannar (D:10)
  Lodul (D:10)
  Joseph (D:7)
  2 trolls
  Sigmund (D:2)
  A shadow (D:10)
  A wyvern (D:10)
  3 steam dragons
  An acid dragon (D:9)
  A sky beast (D:7)
  2 water moccasins
  5 orc warriors
  3 ice beasts
  2 ogres (D:10)
  3 black bears
  An elephant zombie (D:9)
  5 centaurs
  A phantom (D:7)
  4 bullfrogs
  4 scorpions
  A gnoll sergeant (D:8)
  3 wights (D:7)
  7 killer bees (D:7)
  A howler monkey (D:5)
  2 bombardier beetles
  4 hounds
  3 centaur zombies (D:9)
  2 jellies (D:6)
  Ijyb (D:5)
  Jessica (D:2)
  7 iguanas
  A scorpion zombie (D:9)
  8 orc wizards
  A killer bee zombie (D:9)
  An ogre zombie (D:9)
  4 hound zombies (D:9)
  3 howler monkey zombies (D:9)
  4 gnolls (D:8)
  13 adders
  2 shadow imps
  3 white imps
  An adder zombie (D:9)
  3 dart slugs
  3 ribbon worms
  19 orcs
  5 endoplasms
  4 giant cockroaches
  2 goblins
  7 hobgoblins
  4 jackals (D:1)
  6 quokkas
  9 ball pythons
  5 bats
  5 frilled lizards
  10 kobolds
  9 rats
207 creatures vanquished.

Vanquished Creatures (collateral kills)
  Maggie (D:10)
  An orc wizard (D:8)
  A gnoll (D:8)
3 creatures vanquished.

Grand Total: 210 creatures vanquished

Notes
Turn   | Place    | Note
-------+----------+-------------------------------------------
     0 | D:1      | skewfiend the Mountain Dwarf Monk began the quest for the
                  | Orb.
     0 | D:1      | Reached XP level 1. HP: 19/19 MP: 1/1
   108 | D:1      | Reached skill level 4 in Axes
   109 | D:1      | Reached XP level 2. HP: 14/26 MP: 2/2
   379 | D:1      | Reached XP level 3. HP: 30/33 MP: 3/3
   519 | D:1      | Reached skill level 5 in Axes
  1082 | D:2      | Noticed Sigmund
  1145 | D:2      | Reached XP level 4. HP: 40/40 MP: 4/4
  1211 | D:2      | Killed Sigmund
  1212 | D:2      | Reached skill level 5 in Fighting
  1212 | D:2      | Reached skill level 6 in Axes
  1212 | D:2      | Reached XP level 5. HP: 25/48 MP: 5/5
  1480 | D:2      | Reached XP level 6. HP: 56/56 MP: 6/6
  1561 | D:2      | Noticed Jessica
  1566 | D:2      | Killed Jessica
  1567 | D:2      | Reached skill level 7 in Axes
  1837 | D:2      | Reached skill level 1 in Armour
  2421 | D:3      | Found an ancient bone altar of Kikubaaqudgha.
  3009 | D:4      | Found a stormy altar of Qazlal.
  3042 | D:4      | Reached XP level 7. HP: 48/61 MP: 7/7
  3056 | D:4      | Reached skill level 8 in Axes
  3260 | D:4      | Became a worshipper of Qazlal Stormbringer
  3260 | D:4      | Reached * piety under Qazlal
  3260 | D:4      | Reached ** piety under Qazlal
  3313 | D:4      | Found a shimmering blue altar of Sif Muna.
  3725 | D:4      | Identified the +3 spear of Superiority {flame, rC+ Int+2}
  3893 | D:5      | Entered Level 5 of the Dungeon
  3910 | D:5      | Noticed Ijyb
  3923 | D:5      | Killed Ijyb
  4010 | D:5      | Found Wyss's Weapon Boutique.
  4031 | D:5      | Bought a +2 heavy broad axe for 230 gold pieces
  4074 | D:5      | Found Jenebb's Weapon Boutique.
  4178 | D:5      | Reached skill level 9 in Axes
  4288 | D:5      | Reached XP level 8. HP: 40/71 MP: 8/8
  4398 | D:5      | Reached skill level 10 in Axes
  4479 | D:5      | Found Sioq's General Store.
  4560 | D:5      | Found a sacrificial altar of Ru.
  4764 | D:5      | Found Haurchor's Distillery.
  4816 | D:5      | Found Darirugg's Antique Weapon Emporium.
  5048 | D:6      | Found a staircase to the Ecumenical Temple.
  5057 | Temple   | Entered the Ecumenical Temple
  5096 | D:6      | Found a snail-covered altar of Cheibriados.
  5248 | D:6      | Reached skill level 11 in Axes
  5920 | D:7      | Reached XP level 9. HP: 51/81 MP: 9/9
  6031 | D:7      | Noticed Joseph
  6038 | D:7      | Killed Joseph
  6039 | D:7      | Reached skill level 12 in Axes
  6246 | D:7      | You fall into a shaft and drop 2 floors!
  6277 | D:9      | Found a white marble altar of Elyvilon.
  6360 | D:9      | Found a basalt altar of Yredelemnul.
  6411 | D:8      | Reached skill level 13 in Axes
  6411 | D:8      | Reached skill level 1 in Invocations
  6535 | D:8      | Reached *** piety under Qazlal
  7003 | D:7      | Reached XP level 10. HP: 91/91 MP: 12/12
  7365 | D:8      | Found a runed translucent door.
  7386 | D:8      | Noticed Radamante's ghost (novice MiFi)
  7401 | D:8      | Reached skill level 14 in Axes
  7630 | D:8      | Found an iron altar of Okawaru.
  7640 | D:8      | Found a burning altar of Makhleb.
  7963 | D:9      | Reached skill level 5 in Invocations
  8043 | D:9      | Found a basalt altar of Yredelemnul.
  8411 | D:10     | Entered Level 10 of the Dungeon
  8417 | D:10     | Noticed Fannar
  8423 | D:10     | Killed Fannar
  8424 | D:10     | Reached skill level 10 in Fighting
  8574 | D:10     | Noticed Maggie
  8578 | D:10     | Found a staircase to the Orcish Mines.
  8582 | D:10     | Noticed Lodul
  8588 | D:10     | HP: 1/93 [orc warrior/+0 trident (4)]
  8857 | D:10     | Reached skill level 15 in Axes
  8862 | D:10     | Killed Maggie
  8872 | D:10     | Killed Lodul
  8879 | D:10     | HP: 3/94 [ogre/+0 giant club[Lodul] (6)]
  8879 | D:10     | Slain by an orc

Illustrated notes

Levels and vault maps discovered:
D:1:      amcnicky_arrival_abandoned_market, layout_basic
D:2:      kb_forest_paths, layout_basic, grunt_decor_junction, uniq_sigmund,
          uniq_jessica
D:3:      layout_rooms, mainiacjoe_overflow_boulevard, minmay_splitting_lines,
          corexii_leaking_fountain
D:4:      layout_basic, kennysheep_orc_sif_temple,
          mainiacjoe_overflow_concentric_impassable
D:5:      layout_basic, nicolae_ru_awakened_eye, serial_shops, shop_statue,
          shop, kennysheep_mini_moat, shop, nicolae_shop_statue_plus,
          kennysheep_generic_room_14, uniq_ijyb
D:6:      layout_cave_pods, chei_slow_surprise,
          minmay_temple_entry_statues_pillars
D:7:      layout_loops_cross, kennysheep_generic_room_13, uniq_joseph
D:8:      layout_basic, old_standard_altar, kennysheep_mini,
          hellmonk_ghost_happy_afterlife, item_on_display_a
D:9:      layout_basic, kennysheep_ying_yang, roadster_capsule_ark_zombie
D:10:     layout_rooms, nicolae_wu_jian_wuxing_cycle, overflow_temple_1_default,
          zin_statuary, grunt_temple_overflow_open, lair_entry_dummy,
          david_orc_2, uniq_lodul, uniq_maggie, uniq_fannar
Temple:   nicolae_temple_superstar

Skill      XL: |  1  2  3  4  5  6  7  8  9 10 |
---------------+-------------------------------+-----
Axes           | 4 5 6 7 9 11 13 15 | 15.2
Fighting       | 4 5 6 8 9 10 | 10.4
Armour         | 2 |  2.0
Invocations    | 3 8 |  8.4
Dodging        | |  2.1

Action                     |  1- 3 |  4- 6 |  7- 9 | 10-12 || total
---------------------------+-------+-------+-------+-------++-------
  Melee: Hand axe          |    96 |   159 |    26 |       ||   281
         Spear             |       |       |    19 |       ||    19
         Broad axe         |       |       |   131 |    78 ||   209
         Trident           |       |       |     4 |       ||     4
  Throw: Dart              |       |     4 |       |     1 ||     5
         Stone             |       |       |     8 |     5 ||    13
 Invoke: Upheaval          |       |       |     1 |     3 ||     4
         Elemental Force   |       |       |       |     4 ||     4
  Evoke: Wand              |       |       |     1 |     1 ||     2
    Use: Scroll            |     2 |       |     9 |     7 ||    18
         Potion            |       |       |     6 |     1 ||     7
 Armour: Robe              |    61 |    12 |       |       ||    73
         Plate armour      |       |   114 |   241 |   176 ||   531
  Dodge: Dodged            |    63 |    37 |    41 |    35 ||   176

Table legend: (Time is in decaauts)
 A = Elapsed time spent in this place.
 B = Non-inter-level travel time spent in this place.
 C = Inter-level travel time spent in this place.
 D = Time resting spent in this place.
 E = Time spent auto-exploring this place.
 F = Levels seen in this place.
 G = Mean time per level.
                   A        B        C        D        E       F      G
               +--------+--------+--------+--------+--------+-----+--------+
         Total |   8979 |   8634 |    345 |    564 |   6665 |  11 |  816.3 |
       Dungeon |   8977 |   8633 |    344 |    564 |   6665 |  10 |  897.7 |
        Temple |      1 |      1 |      0 |      0 |      0 |   1 |    1.0 |
               +--------+--------+--------+--------+--------+-----+--------+

Top non-repeatable levels by time:
     D:4: 1324 daAuts
     D:7: 1087 daAuts
     D:2: 1061 daAuts
     D:5: 1051 daAuts
     D:1: 1008 daAuts
     D:9: 990 daAuts
     D:6: 909 daAuts
     D:8: 804 daAuts
     D:3: 508 daAuts
    D:10: 232 daAuts
  Temple: 1 daAuts
